Map: Efflorescence LE

Players

OpuS - Winner!

  • Race: Protoss Protoss
  • League: Platinum
  • Spawn Location: 6:00

Sketchaphone - Winner!

  • Race: Zerg Zerg
  • League: Platinum
  • Spawn Location: 9:00

Jodesal

  • Race: Terran Terran
  • League: Diamond
  • Spawn Location: 3:00

Xentar

  • Race: Terran Terran
  • Spawn Location: 12:00

VOD

Have the link to the VOD?

Description

Time

  • Played on: Feb. 17, 2019, 6:58 p.m.
  • Length: 15:45
Show
View Real Time Build Order
Export as new Build Order

OpuS Protoss - Winner!

Build Orders: Colossus Rush 

Get SALT Encoding   

  12  0:01  Probe  
  13  0:13  Probe  
  14  0:20  Pylon  
  14  0:25  Probe  
  15  0:43  Probe  
  15  0:46  Gateway  
  16  0:51  Probe  
  17  1:00  Assimilator  
  17  1:01  Probe  
  17  1:02  Assimilator  
  18  1:13  Probe  
  18  1:15  Gateway  
  19  1:26  Probe  
  20  1:34  Probe  
  20  1:35  Cybernetics Core  
  21  1:42  Probe  
  22  1:50  Pylon  
  22  1:52  Probe  
  23  2:04  Probe  
  23  2:12  Stalker, Warp Gate  
  23  2:13  Stalker  
  27  2:17  Probe  
  28  2:24  Pylon  
  28  2:39  Probe  
  29  2:48  Stalker x2  
  33  2:54  Probe  
  34  3:11  Nexus  
  34  3:18  Probe  
  35  3:24  Robotics Facility  
  35  3:38  Probe  
  36  3:50  Pylon, Probe  
  36  3:55  Twilight Council  
  37  3:56  Gateway  
  37  4:02  Probe  
  38  4:05  Pylon  
  38  4:14  Probe  
  39  4:30  Probe  
  39  4:31  Probe  
  37  4:37  Robotics Bay  
  37  4:41  Charge  
  37  4:43  Adept, Probe x2  
  37  4:44  Adept  
  43  4:58  Gateway  
  43  5:07  Probe x2  
  43  5:10  Stalker x2  
  43  5:12  Stalker  
  51  5:15  Colossus  
  58  5:28  Probe  
  58  5:29  Probe  
  58  5:35  Pylon  
  59  5:38  Extended Thermal Lance  
  59  5:39  Adept  
  59  5:40  Adept  
  63  5:45  Probe x2  
  65  5:57  Probe x2  
  67  6:10  Adept x4  
  75  6:15  Probe x2  
  77  6:19  Pylon  
  77  6:22  Pylon  
  77  6:23  Pylon  
  77  6:27  Probe  
  78  6:36  Assimilator  
  78  6:41  Assimilator  
  78  6:52  Nexus  
  76  7:04  Colossus  
  72  7:26  Zealot x4  
  72  7:27  Probe x2  
  82  7:37  Forge  
  82  7:39  Probe, Forge  
  82  7:41  Forge  
  82  7:42  Gateway  
  83  7:44  Gateway  
  83  7:46  Pylon  
  83  7:47  Gateway  
  83  7:49  Pylon, Templar Archives  
  83  7:51  Gateway  
  83  8:01  Colossus  
  79  8:15  Zealot x4  
  85  8:28  Shield Battery  
  85  8:31  Probe x3  
  85  8:32  Shield Battery  
  85  8:33  Shield Battery  
  88  8:44  Psionic Storm  
  88  8:49  Stalker  
  88  8:50  Stalker  
  92  8:56  Probe  
  92  8:57  Probe x2  
  95  9:04  Protoss Ground Weapons Level 1  
  95  9:14  Zealot x4  
  95  9:15  Zealot x2  
  107  9:22  Gateway  
  107  9:26  Colossus  
  95  9:55  Zealot x5  
  95  9:56  Zealot x2  
  95  9:59  Zealot  
  97  10:01  Protoss Ground Armor Level 1  
  97  10:02  Protoss Shields Level 1  
  95  10:08  Probe x3  
  98  10:20  Probe x2  
  98  10:24  Blink  
  92  10:35  Colossus  
  88  10:49  Assimilator  
  94  10:53  Assimilator  
  94  10:55  Zealot x4  
  94  10:56  Zealot x3  
  102  10:58  Zealot  
  102  10:59  Zealot  
  106  11:25  Pylon  
  106  11:27  Nexus, Colossus, Pylon  
  106  11:28  High Templar x3  
  106  11:29  High Templar  
  106  11:30  High Templar  
  106  11:31  High Templar  
  124  11:36  High Templar x2  
  118  12:02  High Templar x2  
  118  12:03  Zealot x4  
  118  12:05  Zealot  
  118  12:21  Colossus, Protoss Ground Weapons Level 2, Protoss Ground Armor Level 2  
  118  12:22  Archon  
  88  12:24  Protoss Shields Level 2  
  88  12:27  Zealot x2  
  88  12:28  Zealot x5  
  78  13:09  Zealot x3  
  78  13:10  Zealot x4  
  78  13:11  Zealot x2  
  90  13:21  Robotics Facility  
  90  13:23  Immortal  
  90  13:25  Probe x3  
  90  13:26  Probe  
  98  13:35  High Templar  
  98  13:36  High Templar x3  
  98  13:37  High Templar  
  98  13:40  Zealot x2  
  112  13:48  Probe x4  
  115  13:54  Gateway  
  116  13:56  Gateway  
  116  14:00  Gateway  
  116  14:03  Gateway  
  116  14:11  Immortal  
  118  14:17  High Templar  
  118  14:18  High Templar  
  118  14:19  High Templar  
  118  14:20  High Templar  
  118  14:21  Zealot x2  
  130  14:32  Immortal  
  120  14:53  Archon x2  
  100  15:08  Zealot  
  100  15:09  Zealot x6  
  100  15:10  Zealot x3  
  118  15:26  Probe  
  118  15:27  Probe x2  
  113  15:29  Assimilator  
  113  15:34  Assimilator  
Show
View Real Time Build Order
Export as new Build Order

Sketchaphone Zerg - Winner!

Build Orders: Hatch First, Swarm Host 

Get SALT Encoding   

  12  0:01  Drone  
  13  0:13  Overlord  
  13  0:18  Drone  
  14  0:22  Extractor  
  14  0:23  Drone  
  15  0:33  Drone  
  15  0:35  Drone  
  17  0:57  Hatchery  
  16  1:00  Drone  
  16  1:02  Drone  
  16  1:03  Extractor  
  17  1:19  Spawning Pool  
  17  1:21  Drone  
  17  1:29  Drone  
  17  1:30  Drone  
  19  1:44  Drone  
  20  1:50  Overlord  
  20  2:02  Drone  
  20  2:05  Metabolic Boost  
  20  2:08  Queen  
  23  2:14  Zergling x2  
  25  2:15  Drone  
  25  2:23  Queen  
  25  2:27  Drone x2  
  29  2:33  Overlord  
  29  2:48  Drone  
  29  2:50  Roach Warren  
  29  2:51  Zergling x2  
  30  3:03  Queen  
  32  3:06  Drone  
  32  3:10  Overlord  
  33  3:15  Zergling x2  
  33  3:17  Zergling x2  
  35  3:32  Zergling x4  
  35  3:33  Roach x3  
  43  3:35  Roach  
  45  3:46  Roach x3  
  51  3:59  Overlord  
  51  4:00  Drone  
  51  4:01  Overlord  
  52  4:33  Overlord  
  52  4:34  Evolution Chamber, Drone  
  52  4:36  Evolution Chamber  
  52  4:37  Overlord  
  51  4:43  Pneumatized Carapace  
  51  4:52  Hatchery, Drone  
  51  4:55  Evolution Chamber  
  51  5:02  Extractor  
  51  5:05  Zerg Ground Armor Level 1  
  50  5:10  Drone x8  
  58  5:31  Lair  
  58  5:35  Drone x6, Extractor x2  
  62  5:42  Overlord  
  62  5:47  Zerg Missile Weapons Level 1  
  62  6:08  Roach x4  
  62  6:09  Roach  
  62  6:10  Zergling x8  
  75  6:23  Queen  
  77  6:35  Overlord  
  77  6:39  Drone x3  
  81  6:40  Hydralisk Den, Drone x2  
  80  6:48  Overlord  
  79  7:03  Drone, Glial Reconstitution  
  70  7:22  Ravager  
  71  7:26  Grooved Spines  
  71  7:29  Zerg Ground Armor Level 2  
  71  7:30  Infestation Pit  
  71  7:35  Drone x3  
  73  7:37  Evolution Chamber  
  73  7:39  Queen  
  73  7:40  Overlord x2  
  73  7:42  Overlord  
  72  7:57  Overlord, Zergling x4  
  74  7:59  Zergling x18  
  83  8:15  Burrow  
  83  8:18  Zerg Missile Weapons Level 2  
  83  8:22  Tunneling Claws  
  83  8:30  Overlord  
  83  8:37  Drone x3  
  83  8:38  Drone x2  
  83  8:41  Ravager  
  89  8:44  Ravager  
  89  8:45  Ravager  
  89  8:47  Roach, Hydralisk x4  
  101  8:51  Drone  
  102  8:57  Drone x4  
  105  9:07  Overlord x2  
  100  9:24  Swarm Host  
  100  9:25  Swarm Host x6  
  103  10:07  Swarm Host x3  
  103  10:08  Swarm Host x3  
  116  10:22  Overseer  
  115  10:49  Zerg Melee Weapons Level 1  
  115  10:50  Muscular Augments  
  115  10:57  Lurker Den  
  115  11:01  Zergling x2  
  115  11:04  Nydus Network  
  115  11:07  Zergling x2  
  115  11:10  Extractor  
  114  11:12  Extractor  
  113  11:18  Overseer  
  113  11:22  Hatchery  
  112  11:27  Overlord x2  
  112  11:30  Drone x7  
  112  11:31  Drone  
  120  11:37  Swarm Host  
  120  11:38  Roach  
  120  11:39  Roach x2  
  128  11:40  Roach x3  
  125  12:06  Nydus Canal  
  123  12:32  Ravager  
  123  12:34  Roach x3  
  123  12:35  Roach x3, Hydralisk x2  
  123  12:36  Hydralisk  
  142  12:39  Drone x2  
  144  12:53  Hatchery  
  120  13:20  Nydus Canal  
  120  13:25  Roach  
  120  13:26  Roach x11  
  144  13:38  Hatchery  
  143  14:03  Roach  
  143  14:04  Roach x4  
  153  14:16  Hive  
  149  14:34  Lurker  
  150  14:38  Ravager  
  151  14:50  Queen  
  153  14:53  Hatchery  
  152  15:18  Hydralisk  
  152  15:19  Hydralisk x2  
  152  15:20  Overlord x3  
  152  15:21  Overlord  
Show
View Real Time Build Order
Export as new Build Order

Jodesal Terran 

Build Orders: Mech 

Get SALT Encoding   

  12  0:01  SCV  
  13  0:13  SCV  
  14  0:19  Supply Depot  
  14  0:25  SCV  
  15  0:40  SCV  
  16  0:46  Barracks  
  16  0:52  SCV  
  16  0:55  Refinery  
  17  1:04  SCV  
  18  1:16  SCV  
  19  1:29  SCV  
  20  1:33  Marine  
  20  1:34  Supply Depot  
  21  1:41  Orbital Command  
  21  2:00  Command Center  
  21  2:03  Marine  
  22  2:09  SCV  
  22  2:15  Factory  
  23  2:22  SCV  
  25  2:28  Engineering Bay  
  25  2:29  Marine  
  25  2:37  SCV  
  25  2:42  Barracks  
  26  2:49  SCV  
  26  2:50  Marine, Refinery  
  28  3:00  Missile Turret  
  28  3:02  SCV  
  28  3:04  Factory Tech Lab  
  29  3:12  Orbital Command  
  29  3:16  Marine  
  29  3:19  SCV  
  31  3:32  Siege Tank  
  33  3:35  Marine  
  33  3:51  Barracks Tech Lab  
  33  3:55  SCV  
  33  4:01  Marine  
  33  4:02  Missile Turret  
  34  4:03  SCV  
  35  4:15  Marine  
  35  4:16  Orbital Command  
  36  4:17  Stimpack  
  36  4:19  SCV  
  37  4:27  Marine  
  37  4:28  Siege Tank  
  41  4:35  Bunker  
  41  4:37  Marine  
  42  4:43  Command Center  
  42  4:47  SCV  
  43  4:55  Starport  
  44  5:00  SCV  
  44  5:05  Refinery  
  44  5:07  Refinery, Missile Turret  
  44  5:09  Marine  
  44  5:12  SCV  
  46  5:17  Missile Turret  
  46  5:25  Terran Infantry Weapons Level 1  
  46  5:29  Armory  
  46  5:41  Supply Depot  
  46  5:54  Medivac, Marine, Siege Tank, SCV x2  
  54  5:59  Marine  
  55  6:06  SCV  
  56  6:12  Marine  
  56  6:16  Marine  
  58  6:18  SCV  
  58  6:23  Factory  
  59  6:26  Medivac, Siege Tank  
  59  6:27  SCV  
  59  6:30  Marine  
  59  6:31  Terran Vehicle Weapons Level 1  
  66  6:35  Marine  
  67  6:47  Marine  
  67  6:53  Marine  
  69  7:05  Marine  
  68  7:10  Marine, Siege Tank  
  47  7:23  Marine  
  47  7:28  Marine  
  47  7:31  Medivac  
  47  7:35  Factory Tech Lab  
  45  7:39  Factory  
  45  7:41  Marine  
  45  7:42  Siege Tank  
  49  7:46  Marine  
  49  7:59  Marine  
  49  8:04  Marine  
  51  8:11  Medivac  
  53  8:15  Siege Tank  
  53  8:16  Marine  
  57  8:22  Marine, Factory  
  58  8:34  Marine  
  58  8:35  Siege Tank  
  58  8:39  Marine  
  63  8:47  Siege Tank  
  66  8:52  Marine  
  67  8:57  Marine  
  68  9:10  Marine  
  68  9:11  Missile Turret  
  68  9:13  Missile Turret  
  68  9:14  Factory Tech Lab  
  69  9:48  Marine  
  69  9:49  Marine  
  69  9:51  Siege Tank  
  69  9:52  Siege Tank  
  51  10:06  Marine, Siege Tank  
  52  10:07  Marine  
  52  10:11  Missile Turret  
  50  10:21  Supply Depot  
  50  10:23  Siege Tank, Supply Depot  
  50  10:24  Marine, Siege Tank  
  50  10:25  Marine  
  49  10:38  Siege Tank  
  49  10:42  Marine  
  53  10:43  Marine  
  54  10:52  Planetary Fortress  
  54  10:55  SCV  
  55  10:59  Marine  
  55  11:01  Marine, Siege Tank x2  
  63  11:06  SCV  
  63  11:07  SCV  
  63  11:10  Siege Tank  
  68  11:17  Marine  
  69  11:19  Marine, SCV x2  
  72  11:31  SCV x2  
  74  11:35  Marine  
  74  11:36  Marine  
  79  11:40  Siege Tank  
  79  11:43  SCV x2  
  81  11:52  Siege Tank x2  
  81  11:53  Marine  
  78  11:54  Marine  
  78  11:55  SCV x2  
  80  12:07  SCV  
  77  12:11  Marine  
  77  12:12  Marine, Siege Tank  
  70  12:24  Siege Tank x2  
  70  12:28  Marine  
  62  12:30  Marine  
  63  12:40  SCV  
  63  12:42  Refinery  
  63  12:44  Siege Tank  
  67  12:46  Marine  
  67  12:48  Marine  
  69  12:52  SCV x3  
  69  12:56  Siege Tank  
  75  13:04  Marine  
  67  13:05  Marine  
  67  13:07  Siege Tank  
  68  13:14  Refinery  
  68  13:16  Siege Tank  
  68  13:18  Missile Turret  
  71  13:21  SCV  
  71  13:22  SCV  
  71  13:23  Terran Vehicle Weapons Level 2  
  73  13:35  SCV  
  71  13:50  Marine x2  
  71  13:51  Siege Tank x2  
  79  13:58  Siege Tank  
  82  14:08  Marine x2  
  84  14:24  SCV  
  85  14:52  Command Center  
  70  14:53  Medivac, Marine, Siege Tank  
  70  14:54  Marine  
  46  15:10  Marine  
  46  15:12  Marine, Command Center  
  52  15:24  Command Center  
Show
View Real Time Build Order
Export as new Build Order

Xentar Terran 

Build Orders:  

Get SALT Encoding   

  12  0:01  SCV  
  13  0:13  SCV  
  14  0:21  Supply Depot  
  14  0:25  SCV  
  15  0:43  SCV  
  15  0:46  Barracks  
  16  0:55  SCV  
  17  1:07  SCV  
  17  1:09  Barracks  
  18  1:19  SCV  
  18  1:23  Supply Depot  
  19  1:25  Refinery  
  19  1:31  SCV  
  20  1:37  Marine  
  22  1:51  Refinery  
  21  2:01  Marine  
  22  2:10  Command Center  
  22  2:21  Orbital Command  
  23  2:33  Factory  
  23  2:36  Barracks Tech Lab  
  22  2:47  Marine  
  22  2:53  SCV  
  22  2:57  Engineering Bay  
  22  2:58  Marine  
  24  3:05  Stimpack  
  24  3:13  Marine  
  24  3:17  SCV  
  26  3:24  Starport  
  26  3:32  Missile Turret  
  26  3:37  Marauder  
  26  3:40  Factory Tech Lab  
  28  3:43  Marine  
  29  3:57  SCV  
  29  3:59  Marauder  
  29  4:00  SCV  
  29  4:01  Marine  
  34  4:07  Medivac  
  35  4:30  Siege Tank  
  38  4:34  Marauder, Marine  
  38  4:38  SCV  
  42  4:40  Starport Reactor  
  42  4:50  SCV  
  42  4:52  Marine  
  44  4:56  Marauder  
  44  4:58  Supply Depot  
  46  5:11  Orbital Command  
  46  5:16  Refinery  
  46  5:19  SCV  
  46  5:21  Medivac  
  49  5:29  Combat Shield  
  49  5:36  SCV  
  49  5:39  SCV  
  51  5:43  Supply Depot  
  51  5:51  SCV  
  52  6:10  SCV x2  
  54  6:12  Marine  
  54  6:13  Marauder  
  57  6:25  Siege Tank  
  60  6:29  Supply Depot  
  60  6:30  Marine  
  60  6:31  SCV  
  62  6:33  Barracks  
  62  6:51  Marauder, Marine, SCV  
  66  6:57  Widow Mine  
  60  7:09  Marine  
  60  7:13  Marauder  
  59  7:26  Marine  
  59  7:28  Marine  
  61  7:34  Marauder  
  63  7:55  Marauder  
  63  7:56  SCV  
  66  7:59  SCV  
  67  8:05  Command Center  
  67  8:08  SCV  
  68  8:17  Marauder  
  70  8:37  Supply Depot  
  70  8:38  Terran Infantry Weapons Level 1  
  70  8:39  Marauder, Marine, Siege Tank, SCV x2  
  70  8:40  Supply Depot  
  78  8:59  Medivac, Marine x2  
  78  9:01  Marauder, Refinery  
  84  9:11  Siege Tank  
  84  9:17  Marine  
  86  9:22  Marauder  
  89  9:29  Marine  
  90  9:34  Marine  
  91  9:43  Marauder, Siege Tank  
  96  9:47  Marine  
  96  9:52  Marine  
  66  10:04  Marine  
  66  10:05  Marauder  
  63  10:10  Marine  
  64  10:15  Siege Tank  
  67  10:22  Marine  
  67  10:26  Marauder  
  67  10:28  Marine  
  70  10:34  Planetary Fortress  
  67  10:39  SCV x2  
  69  10:48  Marauder  
  69  10:49  Barracks Tech Lab  
  71  10:53  Barracks  
  71  10:56  Terran Infantry Armor Level 1  
  71  10:58  Barracks, Engineering Bay  
  71  11:01  Armory  
  71  11:04  Refinery  
  71  11:09  Marauder  
  73  11:12  SCV  
  73  11:18  Marauder, Marine  
  77  11:30  Marauder, SCV  
  82  11:40  Marauder  
  82  11:43  SCV  
  83  11:52  Marauder  
  84  12:01  Marauder, Marine  
  76  12:13  Marauder  
  73  12:18  Marine  
  68  12:22  Marauder  
  68  12:28  SCV  
  68  12:29  SCV x2  
  66  12:34  Barracks Reactor x2, Marine  
  66  12:36  Concussive Shells, Marine  
  68  12:40  SCV  
  68  12:41  SCV x2  
  68  12:42  Medivac x2  
  77  12:44  Marauder  
  77  12:52  Marauder  
  77  12:53  SCV x2  
  77  12:54  Marine  
  80  13:05  Marauder, SCV  
  63  13:10  Marine  
  63  13:11  Marine x3  
  63  13:12  Marine  
  68  13:13  Medivac  
  68  13:14  Marauder  
  72  13:21  SCV x2  
  72  13:27  Marauder  
  76  13:33  SCV x2  
  78  13:35  Marauder  
  80  13:45  SCV x2  
  80  13:47  Marine x2  
  80  13:48  Marauder  
  86  13:50  Command Center  
  86  13:56  Marauder  
  86  13:57  SCV  
  86  13:59  Marine x2  
  86  14:02  Siege Tank  
  93  14:20  Marauder  
  93  14:25  Marauder  
  85  14:39  Marine x5  
  85  14:41  SCV  
  85  14:42  Marauder  
  93  14:55  Supply Depot  
  93  14:56  Marine, Supply Depot  
  94  15:01  Marine x3  
  94  15:02  Marauder  
  94  15:03  Marauder  
  88  15:23  Marauder  
Tags
 
Add a new tag
Caveats
  • Supply blocks, unpowered buildings, or Contaminate may cause inaccurate times.
  • Supply counts are checked every 10 seconds.